 Dungeon Crawl Stone Soup version 0.22-a0-425-g89d60a11d8 (webtiles) character file.

354520 Kabixx the Devastator (level 21, -6/169 HPs)
             Began as a Demonspawn Fire Elementalist on May 20, 2018.
             Was the Champion of Sif Muna.
             Killed from afar by a storm dragon (18 damage)
             ... with a bolt of lightning
             ... on level 5 of the Vaults on May 24, 2018.
             The game lasted 05:51:31 (93302 turns).

Kabixx the Devastator (DsFE)                       Turns: 93302, Time: 05:51:32

Health: -6/169     AC: 15    Str: 13    XL:     21   Next: 35%
Magic:  51/56      EV: 17    Int: 40    God:    Sif Muna [******]
Gold:   1954       SH: 17    Dex: 16    Spells: 4/53 levels left

rFire    . . .     SeeInvis .   y - staff of power
rCold    + . .     Gourm    .   J - +2 shield {reflect}
rNeg     + + .     Faith    .   M - +1 robe of Day {rN+ Str+3 Int+2}
rPois    .         Spirit   .   Y - +0 hat {Int+3}
rElec    +         Reflect  +   x - scarf {rC+ rF+}
rCorr    .         Harm     .   U - +2 pair of gloves {Dex+3}
MR       +++++     Clarity  +   (boots unavailable)
Stlth    +.........             l - amulet "Ziofueng" {Reflect Int+3 SH+4}
HPRegen  0.38/turn              m - ring "Iwoumoc" {rElec Int+5 Stlth-}
MPRegen  0.35/turn              k - ring "Ujyuschine" {+Fly rF- MR+++ Int+4 Dex-3}

@: about to teleport, sanguine armour, drained
A: hooves 3, clarity, magic resistance 1, negative energy resistance 1, powered
by pain 3, spiny 2, MP-powered wands, sanguine armour 2
}: 2/15 runes: barnacled, gossamer
a: Divine Energy, Channel Magic, Forget Spell, Renounce Religion, Evoke Flight


You were on level 5 of the Vaults.
You worshipped Sif Muna.
Sif Muna was exalted by your worship.
You were not hungry.

You visited 9 branches of the dungeon, and saw 41 of its levels.
You also visited: Ice Cave and Desolation.

You collected 5100 gold pieces.
You spent 3146 gold pieces at shops.

Inventory:

Hand Weapons
 s - the +9 long sword of Indomitability {speed, +Blink Dex+4}
   (You found it on level 1 of the Vaults)

   Attacks with this weapon are significantly faster.
   It affects your dexterity (+4).
   It lets you blink.
 H - the +8 trident "Taacuig" {pierce, rElec rF- Str+4}
   (You found it on level 2 of the Elven Halls)

   It inflicts extra damage upon your enemies.
   It affects your strength (+4).
   It makes you vulnerable to fire.
   It insulates you from electricity.
 I - the +5 scythe of Extermination {drain, rF+ MR+ Str+4}
   (You took it off a deep elf demonologist on level 3 of the Elven Halls)

   A truly terrible weapon, it drains the life of those it strikes.
   It affects your strength (+4).
   It protects you from fire.
   It affects your resistance to hostile enchantments.
Armour
 d - a scarf of cloud immunity
 x - a scarf of resistance (worn)
 B - +4 steam dragon scales
 J - a +2 shield of reflection (worn)
 M - the +1 robe of Day (worn) {rN+ Str+3 Int+2}
   (You found it on level 3 of the Vaults)

   It affects your strength (+3).
   It affects your intelligence (+2).
   It protects you from negative energy.
 U - a +2 pair of gloves of dexterity (worn)
 Y - a +0 hat of intelligence (worn)
Magical Staves
 t - an uncursed staff of wizardry
 y - an uncursed staff of power (weapon)
Jewellery
 k - the ring "Ujyuschine" (right hand) {+Fly rF- MR+++ Int+4 Dex-3}
   (You took it off a deep elf sorcerer on level 3 of the Elven Halls)

   [ring of flight]

   It affects your intelligence (+4).
   It affects your dexterity (-3).
   It makes you vulnerable to fire.
   It affects your resistance to hostile enchantments.
   It lets you fly.
 l - the amulet "Ziofueng" (around neck) {Reflect Int+3 SH+4}
   (You took it off a deep elf mage on level 3 of the Elven Halls)

   [amulet of reflection]

   It shields you and reflects attacks.
   It affects your intelligence (+3).
   It affects your SH (+4).
 m - the ring "Iwoumoc" (left hand) {rElec Int+5 Stlth-}
   (You bought it in a shop on level 3 of the Vaults)

   [ring of loudness]

   It affects your intelligence (+5).
   It insulates you from electricity.
   It makes you less stealthy.
 q - an uncursed ring of poison resistance
 r - an uncursed ring of resist corrosion
 u - a +5 ring of intelligence
 w - the ring "Paresuv" {rF- rN+ Str+8 Stlth-}
   (You took it off an ironbrand convoker on level 3 of the Vaults)

   [ring of loudness]

   It affects your strength (+8).
   It makes you vulnerable to fire.
   It protects you from negative energy.
   It makes you less stealthy.
 E - a cursed ring of teleportation
 R - a +5 amulet of reflection
 X - a +5 ring of protection
 Z - an uncursed ring of wizardry
Wands
 n - a wand of iceblast (31)
 G - a wand of digging (13)
 O - a wand of flame (72)
 P - a wand of paralysis (44)
 Q - a wand of polymorph (12)
 S - a wand of disintegration (54)
 W - a wand of enslavement (42)
Scrolls
 f - 5 scrolls of amnesia
 j - a scroll of teleportation
 v - 22 scrolls of remove curse
 C - 5 scrolls of identify
 D - 3 scrolls of fog
 K - 5 scrolls of magic mapping
 L - 7 scrolls of enchant weapon
 N - 3 scrolls of fear
Potions
 a - 3 potions of brilliance
 b - 9 potions of curing
 e - 2 potions of mutation
 g - 2 potions of resistance
 h - 5 potions of might
 i - 3 potions of agility
 o - 4 potions of invisibility
 p - 5 potions of lignification
 z - 3 potions of flight
 A - 3 potions of ambrosia
 F - a potion of haste
 T - a potion of berserk rage
 V - 3 potions of heal wounds
Comestibles
 c - 4 rations


   Skills:
 * Level 15.5(15.3) Fighting
   Level 0.4(0.3) Maces & Flails
 + Level 0.2(0.0) Polearms
 + Level 9.2(9.1) Dodging
 - Level 1.7(1.6) Stealth
 + Level 8.7(8.6) Shields
 + Level 0.8(0.7) Unarmed Combat
 + Level 16.5(16.3) Spellcasting
 * Level 20.8(20.6) Conjurations
 - Level 3.3(3.1) Charms
 * Level 9.1(8.9) Summonings
 - Level 0.8(0.7) Translocations
 + Level 0.1(0.0) Transmutations
 + Level 14.1(13.9) Fire Magic
 + Level 0.5(0.4) Air Magic
 + Level 2.1(2.0) Earth Magic
 + Level 0.8(0.7) Poison Magic
 - Level 0.5(0.4) Evocations


You had 4 spell levels left.
You knew the following spells:

 Your Spells              Type           Power        Failure   Level  Hunger
a - Iskenderun's Battles  Conj/Chrm      #######.     1%          5    None
b - Conjure Flame         Conj/Fire      ########     0%          3    None
c - Sticky Flame          Conj/Fire      ########     1%          4    None
d - Throw Flame           Conj/Fire      ######       0%          2    None
e - Fireball              Conj/Fire      ########..   1%          5    None
f - Spellforged Servitor  Conj/Summ      ########..   4%          7    ##.....
g - Bolt of Magma         Conj/Fire/Erth #######...   1%          5    None
h - Orb of Destruction    Conj           ########..   1%          7    ##.....
i - Blink                 Tloc           N/A          2%          2    None
j - Mephitic Cloud        Conj/Pois/Air  ######..     1%          3    None
k - Ignite Poison         Fire/Tmut/Pois ######..     1%          3    None
l - Sting                 Conj/Pois      ####         1%          1    None
m - Swiftness             Chrm/Air       #####...     1%          2    None

Your spell library contained the following spells:

 Spells                   Type           Power        Failure   Level  Hunger
 Cause Fear               Hex            ####......   21%         4    None
 Magic Dart               Conj           ####         0%          1    None
 Apportation              Tloc           #####.       1%          1    None
 Bolt of Fire             Conj/Fire      ########..   1%          6    None
 Bolt of Cold             Conj/Ice       #######...   4%          6    None
 Lightning Bolt           Conj/Air       #######...   1%          5    None
 Slow                     Hex            ####....     3%          2    None
 Confuse                  Hex            ####....     6%          3    None
 Invisibility             Hex            ####....     97%         6    None
 Throw Frost              Conj/Ice       ######       1%          2    None
 Freezing Cloud           Conj/Ice/Air   ######....   19%         6    None
 Ring of Flames           Chrm/Fire      #######...   45%         7    ##.....
 Venom Bolt               Conj/Pois      #######...   1%          5    None
 Teleport Other           Tloc           #####...     4%          3    None
 Death's Door             Chrm/Necr      #####.....   100%        8    ####...
 Summon Small Mammal      Summ           ####         1%          1    None
 Bolt of Draining         Conj/Necr      #######...   1%          5    None
 Lehudib's Crystal Spear  Conj/Erth      #######...   78%         8    ####...
 Fire Storm               Conj/Fire      ########..   87%         9    ######.
 Iskenderun's Mystic Bla  Conj           ########     0%          4    None
 Summon Horrible Things   Summ           #######...   98%         8    ####...
 Animate Skeleton         Necr           N/A          1%          1    None
 Haunt                    Necr/Summ      ######....   96%         7    ##.....
 Freeze                   Ice            ####         1%          1    None
 Ozocubu's Refrigeration  Ice            ####......   97%         6    None
 Summon Ice Beast         Ice/Summ       ######..     3%          4    None
 Ozocubu's Armour         Chrm/Ice       #####...     3%          3    None
 Call Imp                 Summ           #######.     1%          2    None
 Dispel Undead            Necr           ####....     50%         5    None
 Sublimation of Blood     Necr           ####......   3%          2    None
 Tukima's Dance           Hex            ####....     6%          3    None
 Summon Demon             Summ           #######...   1%          5    None
 Summon Greater Demon     Summ           #######...   41%         7    ##.....
 Corpse Rot               Necr           N/A          3%          2    None
 Iron Shot                Conj/Erth      #######...   3%          6    None
 Stone Arrow              Conj/Erth      ######       1%          3    None
 Shock                    Conj/Air       ####         1%          1    None
 Recall                   Summ/Tloc      N/A          1%          3    None
 Agony                    Necr           ####....     50%         5    None
 Spider Form              Tmut/Pois      #####.....   5%          3    None
 Statue Form              Tmut/Erth      #####....    91%         6    None
 Ice Form                 Ice/Tmut       ####....     21%         4    None
 Dragon Form              Tmut           ####......   100%        7    ##.....
 Necromutation            Tmut/Necr      ####......   100%        8    ####...
 Deflect Missiles         Chrm/Air       #####.....   83%         6    None
 Throw Icicle             Conj/Ice       #######.     1%          4    None
 Glaciate                 Conj/Ice       #######...   100%        9    ######.
 Shadow Creatures         Summ           N/A          9%          6    None
 Confusing Touch          Hex            ####..       1%          1    None
 Flame Tongue             Conj/Fire      #####        0%          1    None
 Sticks to Snakes         Tmut           ####....     3%          2    None
 Call Canine Familiar     Summ           #######.     1%          3    None
 Ensorcelled Hibernation  Hex/Ice        ####..       3%          2    None
 Metabolic Englaciation   Hex/Ice        ####......   50%         5    None
 Summon Butterflies       Summ           #######.     1%          1    None
 Silence                  Hex/Air        ####......   47%         5    None
 Dispersal                Tloc           #####.....   94%         6    None
 Static Discharge         Conj/Air       #######.     1%          3    None
 Corona                   Hex            ####...      1%          1    None
 Alistair's Intoxication  Tmut/Pois      #####...     45%         5    None
 Sandblast                Erth           #####.       1%          1    None
 Simulacrum               Ice/Necr       ####......   97%         6    None
 Conjure Ball Lightning   Conj/Air       #######...   4%          6    None
 Chain Lightning          Conj/Air       #######...   88%         8    ####...
 Excruciating Wounds      Chrm/Necr      #####.....   30%         5    None
 Portal Projectile        Hex/Tloc       #####.       5%          3    None
 Monstrous Menagerie      Summ           #######...   41%         7    ##.....
 Petrify                  Tmut/Erth      #####...     14%         4    None
 Passage of Golubria      Tloc           N/A          16%         4    None
 Malign Gateway           Summ/Tloc      ######....   94%         7    ##.....
 Tornado                  Air            #####.....   100%        9    ######.
 Leda's Liquefaction      Hex/Erth       #####.....   14%         4    None
 Summon Hydra             Summ           #######...   41%         7    ##.....
 Darkness                 Hex            ####......   97%         6    None
 Shroud of Golubria       Chrm/Tloc      #####.....   1%          2    None
 Inner Flame              Hex/Fire       ######..     1%          3    None
 Beastly Appendage        Tmut           ####..       1%          1    None
 Fulminant Prism          Conj/Hex       #######...   1%          4    None
 Dazzling Spray           Conj/Hex       ######       1%          3    None
 Force Lance              Conj/Tloc      #######.     1%          4    None
 Infusion                 Chrm           ####         1%          1    None
 Song of Slaying          Chrm           ######..     1%          2    None
 Searing Ray              Conj           ######       0%          2    None
 Discord                  Hex            ####......   100%        8    ####...
 Summon Forest            Summ/Tloc      ######....   8%          5    None
 Summon Lightning Spire   Summ/Air       ######..     3%          4    None
 Dragon's Call            Summ           #######...   100%        9    ######.
 Summon Mana Viper        Hex/Summ       ######..     10%         5    None
 Hydra Form               Tmut           ####......   97%         6    None
 Irradiate                Conj/Tmut      #######...   1%          5    None
 Gell's Gravitas          Tloc           #####.....   4%          3    None
 Yara's Violent Unravell  Hex/Tmut       ####......   50%         5    None
 Lesser Beckoning         Tloc           #####.....   4%          3    None
 Ignition                 Fire           #######...   41%         8    ####...
 Borgnjor's Vile Clutch   Necr/Erth      #####.....   36%         5    None


Dungeon Overview and Level Annotations

Branches:
Dungeon (15/15)            Temple (0/1) D:5            Lair (6/6) D:8
 Shoals (4/4) Lair:3       Spider (4/4) Lair:2        Slime (1/5) Lair:6
    Orc (2/2) D:11            Elf (3/3) Orc:2        Vaults (5/5) D:14
  Crypt (0/3) Vaults:2     Depths (1/5) D:15

Altars:
Dithmenos
Elyvilon
Fedhas
Kikubaaqudgha
Makhleb
Nemelex Xobeh
Okawaru
Qazlal
Ru
Sif Muna
Trog
Vehumet
Wu Jian
Yredelemnul
Zin
The Shining One
Beogh

Shops:
D:4 !   D:6 ?   D:7 !(}   D:15 [   Orc:2 }?[?:   Shoals:1 (*!%   Vaults:1 ?
Vaults:3 =

Annotations:
D:5 Arvy's ghost, novice OpWz
Spider:1 exclusion: tarantella
Elf:2 1 runed door


Innate Abilities, Weirdness & Mutations

You have hooves in place of feet.
You resist negative energy. (rN+)
You are powered by pain.
You are mostly covered in sharp spines.
When seriously injured, your bleeding wounds create thick armour. (AC +9)
You possess an exceptional clarity of mind.
You are resistant to hostile enchantments. (MR+)
You expend magic power (3 MP) to strengthen your wands.


Message History

The stone giant hits you!!
* * * LOW HITPOINT WARNING * * *
You focus on the pain.
You feel your power returning.
Casting: Blink (safe; 2% risk of failure)
Confirm with . or Enter, or press ? or * to list all spells.
You blink.
The stone giant throws a large rock.
The large rock closely misses you.
Found a potion of degeneration and a scroll of magic mapping.
Unknown command.
As you read the scroll of teleportation, it crumbles to dust.
You feel strangely unstable.
Casting: Blink (safe; 2% risk of failure)
Confirm with . or Enter, or press ? or * to list all spells.
You blink.
An eye of devastation comes into view.
The eye of devastation turns its gaze towards you.
The eye of devastation changes into a lindwurm!
The storm dragon breathes lightning at you.
The bolt of lightning hits you! You resist.
You die...

#..?# #..! #p. ###
#(###:?## . ..#
#§##..e§##k# #.##
#.DD.E§....# #...
#.C......... ...
#...(....c.## #..
#.##@...##.##.##.#
#.###??###.......##
#.. ### #..## .#
#....#..%# #..(# #
. %##....#. : (
#..$# .# #. c#....#
. #..#####eY### #.#
#.#.....#.# [
#.......###$ #.#
#.#....#.##c.
#.....§p##..
#.#.#..........p
........D8.W[


You could see a golden dragon, a storm dragon, a stone giant, a yaktaur captain,
a lindwurm shaped shifter, a deep elf mage and a fire elemental.

Vanquished Creatures
  Mara (Shoals:4)
  A lich (Depths:1)
  Rupert (D:15)
  A deep elf blademaster (Elf:3)
  A deep elf master archer (Elf:3)
  Frances (Elf:1)
  A quicksilver dragon (Vaults:5)
  Gastronok (D:11)
  Agnes (Spider:1)
  Donald (Shoals:2)
  Roxanne (Spider:1)
  Ilsuiw (Shoals:4)
  4 ghost moths
  3 deep elf sorcerers (Elf:3)
  5 vault wardens
  2 ironheart preservers
  An orc warlord (Orc:2)
  2 emperor scorpions
  A very ugly thing (Vaults:4)
  5 stone giants
  A war gargoyle (Vaults:2)
  3 entropy weavers
  Azrael (Orc:2)
  2 dire elephants
  Nessos (D:14)
  A deep elf demonologist (Elf:3)
  4 deep elf annihilators (Elf:3)
  A spark wasp (Spider:3)
  5 merfolk javelineers (Shoals:4)
  Snorg (D:12)
  2 deep elf death magi (Elf:3)
  2 jiangshi (Depths:1)
  Josephine (D:12)
  2 great orbs of eyes
  6 merfolk impalers
  2 fire dragons
  2 rakshasas (Vaults:3)
  4 yaktaur captains
  A deep elf high priest (Elf:3)
  A servant of whispers (Desolation)
  Erolcha (Orc:1)
  2 ice dragons
  10 hydras
  2 death knights
  23 two-headed ogres
  3 catoblepae
  4 deep troll shamans
  5 merfolk avatars
  8 centaur warriors
  8 ogre magi
  8 dancing weapons
  5 merfolk aquamancers
  A deep troll earth mage (Vaults:4)
  The ghost of epok the Archer, a novice CeHu of Okawaru (Lair:1)
  A queen ant (Lair:6)
  An alligator snapping turtle (Shoals:2)
  A satyr (Shoals:2)
  Urug (Orc:1)
  12 death yaks
  2 tengu warriors (D:13)
  An orc high priest (Elf:1)
  12 deep elf knights
  Sonja (D:12)
  10 skeletal warriors
  10 sea snakes
  A glowing orange brain (Vaults:1)
  2 wizards (Vaults:1)
  A flayed ghost (Vaults:3)
  3 deep elf archers (Elf:1)
  An unseen horror (D:12)
  4 deep trolls
  A kraken simulacrum (Shoals:4)
  9 ironbrand convokers
  A swamp dragon (Lair:6)
  10 harpies
  2 necromancers
  8 orc knights
  10 orb spiders
  4 oklob plants (Lair:2)
  17 ugly things
  21 wolf spiders
  7 fauns
  A tengu skeleton (Vaults:1)
  35 deep elf magi
  A salamander (D:15)
  9 orc sorcerers (Orc:2)
  A salamander (shapeshifter) (Vaults:4)
  6 cyclopes
  19 manticores
  11 elephants (Lair:6)
  Maurice (D:8)
  3 ice statues
  10 merfolk sirens
  A guardian serpent (shapeshifter) (Vaults:3)
  7 vault sentinels
  4 black mambas
  7 water nymphs
  2 gargoyles
  13 spiny frogs
  Psyche (D:8)
  A yaktaur zombie (Vaults:2)
  2 human zombies (Vaults:4)
  4 komodo dragons
  8 rime drakes
  A komodo dragon (shapeshifter) (D:13)
  A yaktaur (shapeshifter) (Vaults:1)
  4 freezing wraiths
  6 demonic crawlers
  A rime drake (shapeshifter) (Vaults:1)
  7 ice devils (IceCv)
  19 yaktaurs
  6 polar bears
  28 merfolk
  6 trolls
  26 jumping spiders
  A hornet (shapeshifter) (Depths:1)
  A hornet (D:14)
  16 slime creatures
  6 hippogriffs
  6 wind drakes
  4 snapping turtles
  2 saltlings
  10 dream sheep
  34 blink frogs
  A centaur simulacrum (D:15)
  44 redbacks
  12 water elementals
  A spriggan (D:7)
  4 shadows
  A vampire (D:13)
  11 tarantellas
  An air elemental (Elf:1)
  4 wraiths
  3 wyverns
  4 fire elementals
  4 basilisks
  16 humans
  61 yaks
  A golden eye (shapeshifter) (Vaults:2)
  6 vampire mosquitoes
  3 hungry ghosts
  7 wargs
  3 steam dragons (Lair:6)
  An acid dragon (D:13)
  12 soldier ants (Lair:6)
  17 water moccasins
  3 hell hounds (Orc:2)
  A floating eye (Depths:1)
  38 orc warriors
  9 porcupines
  A swamp drake (Lair:6)
  7 ice beasts
  5 sky beasts
  3 black bears
  2 eyes of draining
  2 phantoms
  2 necrophages
  7 wolves
  15 centaurs
  22 ogres
  12 crocodiles
  A crocodile (shapeshifter) (Vaults:3)
  17 bullfrogs
  2 big kobolds
  2 earth elementals
  A gnoll sergeant (Orc:1)
  5 scorpions
  10 killer bees
  2 human simulacra
  8 electric eels
  8 wights (D:12)
  A howler monkey (D:12)
  A centaur zombie (D:10)
  6 crimson imps
  2 quasits
  3 centaur skeletons
  6 hounds
  8 jellies
  17 orc priests
  A wyvern simulacrum (D:11)
  2 bullfrog skeletons (D:8)
  An iron imp (D:8)
  35 orc wizards
  6 iguanas
  30 worker ants
  6 hell rats
  A hound zombie (D:4)
  A worker ant zombie (D:7)
  11 adders
  3 gnolls
  2 shadow imps
  6 white imps
  15 ufetubi
  An ooze (Lair:6)
  4 adder zombies
  An adder skeleton (D:9)
  3 worms
  3 dart slugs
  8 leopard geckos
  104 orcs
  6 giant cockroaches
  8 goblins
  11 hobgoblins
  16 jackals
  6 quokkas
  A ball python (D:3)
  11 bats
  7 frilled lizards
  A jackal zombie (D:5)
  18 kobolds
  A quokka zombie (D:8)
  6 rats
  2 crawling corpses (Elf:3)
  A fungus (Lair:5)
1430 creatures vanquished.

Vanquished Creatures (collateral kills)
  The ghost of NeAGen181 the Slayer, an adept HOFi of Beogh (Elf:3)
  Jorgrun (Elf:2)
  2 deep elf blademasters
  Asterion (Spider:3)
  A deep elf master archer (Elf:3)
  A sphinx (Vaults:2)
  A fire giant (Vaults:1)
  2 deep elf sorcerers (Elf:3)
  3 vault wardens
  6 emperor scorpions
  2 deep elf elementalists (Elf:3)
  A very ugly thing (Vaults:4)
  2 stone giants
  7 ironheart preservers
  3 entropy weavers
  A vampire knight (Vaults:2)
  4 deep elf demonologists (Elf:3)
  5 deep elf annihilators
  5 deep elf death magi (Elf:3)
  A jiangshi (Depths:1)
  5 yaktaur captains
  3 deep elf high priests
  4 vault guards
  A great orb of eyes (Vaults:3)
  A peacekeeper (Desolation)
  5 ogre magi
  15 two-headed ogres
  A centaur warrior (Vaults:3)
  18 dancing weapons
  A vampire mage (Depths:1)
  2 deep elf knights
  An unseen horror (Vaults:1)
  5 deep trolls
  A glowing orange brain (Depths:1)
  3 wizards
  A flayed ghost (Vaults:1)
  9 deep elf archers
  2 ironbrand convokers
  A necromancer (Vaults:1)
  5 orc knights
  8 wolf spiders
  15 ugly things
  9 orb spiders
  9 deep elf magi
  4 slime creatures
  3 cyclopes
  A moth of wrath (Spider:4)
  A human skeleton (Vaults:2)
  A frost giant skeleton (Vaults:4)
  5 vault sentinels
  A rime drake (shapeshifter) (Vaults:4)
  A yaktaur zombie (Vaults:2)
  2 freezing wraiths
  12 yaktaurs
  2 demonic crawlers
  10 jumping spiders
  A troll (Vaults:2)
  3 hornets
  6 saltlings (Desolation)
  A stone giant simulacrum (Vaults:1)
  A human simulacrum (Vaults:2)
  18 redbacks
  A water elemental (Elf:2)
  4 tarantellas
  A wraith (Vaults:2)
  A warg (Vaults:2)
  An acid dragon (Vaults:2)
  4 orc warriors
  2 centaurs
  15 ogres
  An earth elemental (Elf:2)
  A glowing shapeshifter simulacrum (Vaults:1)
  2 orc priests
  6 orcs
287 creatures vanquished.

Vanquished Creatures (others)
  A reaper (IceCv)
  A merfolk javelineer (Shoals:2)
  2 yaktaur captains (Depths:1)
  A centaur warrior (Vaults:3)
  A satyr (Shoals:3)
  A deep elf archer (Vaults:3)
  A lindwurm (Lair:6)
  A deep elf mage (Elf:2)
  A manticore (Lair:6)
  2 cyclopes
  A faun (Shoals:2)
  3 yaktaurs
  2 orc warriors
  4 centaurs
  An orc wizard (Vaults:4)
  4 white imps (IceCv)
  3 ufetubi (IceCv)
  2 orcs
  2 bushes
  43 fungi
  62 plants
  11 tentacles (Shoals:4)
150 creatures vanquished.

Grand Total: 1867 creatures vanquished

Notes
Turn   | Place    | Note
-------+----------+-------------------------------------------
     0 | D:1      | Kabixx the Demonspawn Fire Elementalist began the quest for the Orb.
     0 | D:1      | Reached XP level 1. HP: 13/13 MP: 3/3
   511 | D:1      | Gained mutation: You are partially covered in sharp spines. [demonic ancestry]
   511 | D:1      | Reached XP level 2. HP: 20/20 MP: 1/5
  1403 | D:2      | Reached XP level 3. HP: 9/25 MP: 1/6
  1762 | D:1      | Learned a level 3 spell: Conjure Flame
  1765 | D:2      | Reached skill level 1 in Fighting
  2043 | D:2      | Found a bloodstained altar of Trog.
  2255 | D:2      | Reached XP level 4. HP: 30/32 MP: 4/8
  2294 | D:2      | Learned a level 4 spell: Sticky Flame
  2724 | D:2      | Found a sacrificial altar of Ru.
  3014 | D:3      | Found a glowing golden altar of the Shining One.
  3072 | D:3      | Gained mutation: You sometimes gain a little power by taking damage. [demonic ancestry]
  3072 | D:3      | Reached XP level 5. HP: 37/37 MP: 6/10
  3537 | D:3      | Reached skill level 2 in Conjurations
  3671 | D:3      | Found a white marble altar of Elyvilon.
  3966 | D:3      | Found a basalt altar of Yredelemnul.
  4079 | D:4      | Found a deep blue altar of Sif Muna.
  4093 | D:4      | Became a worshipper of Sif Muna the Loreminder
  4114 | D:4      | Found a blossoming altar of Fedhas.
  4131 | D:4      | Found a stormy altar of Qazlal.
  4183 | D:4      | Learned a level 2 spell: Throw Flame
  4451 | D:4      | Gained mutation: You have large cloven feet. [demonic ancestry]
  4451 | D:4      | Reached XP level 6. HP: 44/44 MP: 5/12
  4773 | D:4      | Found Poan's Distillery.
  4778 | D:4      | Bought a potion of curing for 30 gold pieces
  4778 | D:4      | Bought a potion of curing for 30 gold pieces
  4778 | D:4      | Bought a potion of curing for 30 gold pieces
  4778 | D:4      | Bought 2 potions of curing for 60 gold pieces
  4816 | D:5      | Entered Level 5 of the Dungeon
  5218 | D:5      | Found a shadowy altar of Dithmenos.
  5288 | D:5      | Found a staircase to the Ecumenical Temple.
  5350 | D:5      | Reached * piety under Sif Muna
  5373 | D:5      | Reached XP level 7. HP: 35/51 MP: 1/14
  5602 | D:5      | Noticed Arvy's ghost (novice OpWz)
  5917 | D:6      | Found Rudaon Ream's Magic Scroll Shop.
  5926 | D:6      | Bought a scroll of identify for 30 gold pieces
  5926 | D:6      | Bought a scroll of identify for 30 gold pieces
  5926 | D:6      | Bought a scroll of identify for 30 gold pieces
  6070 | D:6      | Reached skill level 5 in Spellcasting
  6129 | D:6      | Reached skill level 3 in Conjurations
  7013 | D:7      | Gained mutation: When seriously injured, your bleeding wounds create armour. (AC +9) [demonic ancestry]
  7013 | D:7      | Reached XP level 8. HP: 51/58 MP: 8/16
  7165 | D:7      | Learned a level 5 spell: Fireball
  7169 | D:7      | Learned a level 3 spell: Inner Flame
  7171 | D:7      | Learned a level 1 spell: Summon Small Mammal
  7213 | D:8      | Reached ** piety under Sif Muna
  7478 | D:7      | Reached skill level 4 in Conjurations
  7489 | D:7      | Reached skill level 5 in Fire Magic
  7624 | D:7      | Found Mudoup's Weapon Shop.
  8051 | D:7      | Found Heqov's Distillery.
  8058 | D:7      | Bought a potion of heal wounds for 55 gold pieces
  8058 | D:7      | Bought a potion of curing for 33 gold pieces
  8058 | D:7      | Bought a potion of magic for 88 gold pieces
  8146 | D:7      | Found Vemetial's Gadget Boutique.
  8409 | D:7      | Reached XP level 9. HP: 66/66 MP: 13/19
  8539 | D:8      | Found a burning altar of Makhleb.
  8732 | D:8      | Noticed Maurice
  8750 | D:8      | Reached skill level 5 in Conjurations
  8898 | D:8      | Killed Maurice
  8898 | D:8      | Reached *** piety under Sif Muna
  8935 | D:8      | Reached skill level 5 in Fighting
  9293 | D:8      | Learned a level 5 spell: Iskenderun's Battlesphere
  9339 | D:8      | Found an iron altar of Okawaru.
  9570 | D:8      | Noticed Psyche
  9574 | D:8      | Killed Psyche
  9574 | D:8      | Reached skill level 6 in Conjurations
  9679 | D:8      | Found a staircase to the Lair.
 10516 | D:9      | Noticed a centaur warrior
 10518 | D:9      | Noticed a manticore
 10806 | D:9      | Found an ornate altar of the Wu Jian Council.
 10896 | D:9      | Found a radiant altar of Vehumet.
 10927 | D:9      | Gained mutation: You sometimes gain power by taking damage. [demonic ancestry]
 10927 | D:9      | Reached XP level 10. HP: 75/75 MP: 10/22
 11237 | D:9      | Found a sparkling altar of Nemelex Xobeh.
 11438 | D:9      | Found a glowing silver altar of Zin.
 11438 | D:9      | Noticed an angel
 11567 | D:9      | Killed a manticore
 11652 | D:9      | Reached skill level 7 in Conjurations
 11783 | D:9      | Reached **** piety under Sif Muna
 11800 | D:9      | Killed a centaur warrior
 11934 | D:9      | Noticed a two-headed ogre
 11987 | D:9      | Killed a two-headed ogre
 11987 | D:9      | Reached skill level 1 in Charms
 12199 | D:9      | Reached skill level 8 in Conjurations
 12565 | D:10     | Entered Level 10 of the Dungeon
 13149 | D:10     | Noticed an ice statue
 13345 | D:10     | Killed an ice statue
 13606 | D:10     | Reached ***** piety under Sif Muna
 13774 | D:10     | Identified Sif Muna's Handbook of Attacks (Sif Muna gifted it to you on level 10 of the Dungeon)
 13774 | D:10     | Received a gift from Sif Muna
 14117 | D:10     | Learned a level 1 spell: Sting
 14286 | D:11     | Gained mutation: You have hoof-like feet. [demonic ancestry]
 14286 | D:11     | Reached XP level 11. HP: 83/83 MP: 21/24
 14286 | D:11     | Noticed a green ugly thing
 14292 | D:11     | Killed a green ugly thing
 14587 | D:11     | Noticed Gastronok
 14781 | Lair:1   | Entered Level 1 of the Lair of Beasts
 14786 | Lair:1   | Reached skill level 9 in Conjurations
 14959 | Lair:1   | Noticed an eight-headed hydra
 14965 | Lair:1   | Killed an eight-headed hydra
 16168 | Lair:1   | Noticed epok's ghost (novice CeHu)
 16174 | Lair:1   | Killed epok's ghost
 16174 | Lair:1   | Reached skill level 1 in Shields
 16174 | Lair:1   | Reached skill level 10 in Conjurations
 16975 | Lair:2   | Noticed an oklob plant
 17003 | Lair:2   | Found a frozen archway.
 17012 | IceCv    | Entered an ice cave
 17441 | IceCv    | Killed a reaper
 18080 | IceCv    | Gained mutation: You have hooves in place of feet. [demonic ancestry]
 18080 | IceCv    | Reached XP level 12. HP: 64/92 MP: 17/25
 18240 | IceCv    | Identified Sif Muna's Disquisition on Warped Ice (Sif Muna gifted it to you in an ice cave)
 18240 | IceCv    | Received a gift from Sif Muna
 18508 | IceCv    | Learned a level 4 spell: Force Lance
 18561 | IceCv    | Reached skill level 11 in Conjurations
 18840 | Lair:2   | Found a hole to the Spider Nest.
 19191 | Lair:1   | Gained mutation: You expend magic power (3 MP) to strengthen your wands. [potion of mutation]
 19191 | Lair:1   | Gained mutation: You possess an exceptional clarity of mind. [potion of mutation]
 19191 | Lair:1   | Gained mutation: You are resistant to hostile enchantments. (MR+) [potion of mutation]
 19248 | Lair:2   | Reached skill level 10 in Spellcasting
 22150 | Lair:3   | Found a staircase to the Shoals.
 22161 | Lair:3   | Reached skill level 12 in Conjurations
 22271 | Lair:3   | Reached skill level 5 in Dodging
 23660 | Lair:4   | Reached XP level 13. HP: 101/101 MP: 20/27
 25456 | Lair:5   | Identified Roxanne's Almanac of Mutagenic Clay (Sif Muna gifted it to you on level 5 of the Lair of Beasts)
 25456 | Lair:5   | Received a gift from Sif Muna
 26101 | Lair:5   | Learned a level 7 spell: Orb of Destruction
 26528 | Lair:6   | Entered Level 6 of the Lair of Beasts
 26543 | Lair:6   | Reached skill level 10 in Fighting
 27143 | Lair:6   | Reached skill level 13 in Conjurations
 27740 | Lair:6   | Found a staircase to the Slime Pits.
 28232 | Lair:6   | Noticed a fire dragon
 28284 | Lair:6   | Killed a fire dragon
 28559 | Lair:6   | Reached XP level 14. HP: 104/111 MP: 4/29
 28581 | Lair:6   | Noticed an entropy weaver
 28995 | Lair:6   | HP: 3/111 [rime drake/flash freeze (4)]
 29648 | Lair:6   | Reached skill level 10 in Fire Magic
 30267 | Lair:6   | Noticed an entropy weaver
 30272 | Lair:6   | Killed an entropy weaver
 30325 | Lair:6   | Received a gift from Sif Muna
 30824 | Lair:6   | Killed an entropy weaver
 30824 | Lair:6   | Reached skill level 14 in Conjurations
 30996 | Lair:6   | Reached skill level 5 in Shields
 32180 | Lair:6   | Got a wizard robe
 32193 | Lair:6   | Identified the +1 robe "Nesus" {rPois} (You found it on level 6 of the Lair of Beasts)
 34842 | D:11     | Killed Gastronok
 35362 | D:11     | Gained mutation: You are mostly covered in sharp spines. [demonic ancestry]
 35362 | D:11     | Reached XP level 15. HP: 118/119 MP: 23/31
 35724 | D:11     | Found a staircase to the Orcish Mines.
 35905 | D:12     | Noticed Snorg
 35977 | Orc:1    | Entered Level 1 of the Orcish Mines
 36562 | Orc:1    | Noticed Erolcha
 36604 | Orc:1    | Killed Erolcha
 36952 | Orc:1    | Noticed Urug
 37269 | Orc:1    | Killed Urug
 37269 | Orc:1    | Received a gift from Sif Muna
 37530 | Orc:2    | Entered Level 2 of the Orcish Mines
 37949 | Orc:2    | Noticed an orc warlord
 38084 | Orc:2    | Found a staircase to the Elven Halls.
 38294 | Orc:2    | Found Ownuod's Book Shop.
 38316 | Orc:2    | Bought a book of Fire for 910 gold pieces
 38316 | Orc:2    | Bought a book of Minor Magic for 280 gold pieces
 38320 | Orc:2    | Learned a level 3 spell: Mephitic Cloud
 38324 | Orc:2    | Learned a level 2 spell: Blink
 38328 | Orc:2    | Learned a level 3 spell: Ignite Poison
 38369 | Orc:2    | Noticed Azrael
 38546 | Orc:2    | Killed an orc warlord
 38872 | Orc:2    | Killed Azrael
 39321 | Orc:2    | Reached skill level 15 in Conjurations
 39791 | Orc:2    | Found Lonuru's Magic Scroll Shoppe.
 39824 | Orc:2    | Bought a scroll of teleportation for 48 gold pieces
 39824 | Orc:2    | Bought a scroll of identify for 32 gold pieces
 39824 | Orc:2    | Bought a scroll of teleportation for 48 gold pieces
 39824 | Orc:2    | Bought a scroll of amnesia for 56 gold pieces
 39838 | Orc:2    | Found a radiant altar of Vehumet.
 39901 | Orc:2    | Found Ihirut's Antique Armour Emporium.
 40064 | Orc:2    | Bought a glowing scarf for 232 gold pieces
 40077 | Orc:2    | Found a roughly hewn altar of Beogh.
 40077 | Orc:2    | Found Batiut's Magic Scroll Emporium.
 40087 | Orc:2    | Found Jamy's Gadget Shoppe.
 40089 | Orc:2    | Bought a scroll of teleportation for 48 gold pieces
 40089 | Orc:2    | Bought a scroll of blinking for 120 gold pieces
 40089 | Orc:2    | Bought a scroll of teleportation for 48 gold pieces
 40118 | Orc:2    | Found an ancient bone altar of Kikubaaqudgha.
 40394 | D:12     | Noticed Sonja
 40399 | D:12     | Killed Snorg
 40492 | D:12     | Killed Sonja
 40659 | D:12     | Noticed Josephine
 40665 | D:12     | Killed Josephine
 42413 | D:13     | Identified Sif Muna's Tome of Destructive Bewitchment (Sif Muna gifted it to you on level 13 of the Dungeon)
 42413 | D:13     | Received a gift from Sif Muna
 43794 | D:14     | Found a gate to the Vaults.
 43794 | D:14     | Noticed Rupert
 43794 | D:14     | Noticed Nessos
 44368 | D:14     | Learned a level 1 spell: Sting
 44607 | D:14     | Killed Nessos
 44609 | D:14     | Reached XP level 16. HP: 127/127 MP: 12/33
 45330 | D:15     | Entered Level 15 of the Dungeon
 45488 | D:15     | Found Idag Yje's Armour Shop.
 45723 | D:15     | Killed Rupert
 45918 | D:15     | Found a staircase to the Depths.
 46082 | D:15     | Reached skill level 16 in Conjurations
 46389 | D:15     | Identified Sif Muna's Papyrus of Necromancy and Calling (Sif Muna gifted it to you on level 15 of the Dungeon)
 46389 | D:15     | Received a gift from Sif Muna
 47266 | Depths:1 | Entered Level 1 of the Depths
 47893 | Depths:1 | Noticed a lich
 47903 | Depths:1 | Paralysed by a lich for 5 turns
 47905 | Depths:1 | Killed a lich
 48534 | Shoals:1 | Entered Level 1 of the Shoals
 48574 | Shoals:1 | Found Kyosoel's Assorted Antiques.
 48582 | Shoals:1 | Bought a granite ring for 150 gold pieces
 48765 | Shoals:1 | Found Cusaurph's Food Boutique.
 48884 | Shoals:1 | Found Iloete Uhuw's Distillery.
 48932 | Shoals:1 | Found Hytwei's Weapon Boutique.
 49167 | Shoals:2 | Noticed Donald
 49580 | Shoals:2 | Killed Donald
 50335 | Shoals:2 | Identified Sif Muna's Compendium of Boosting Changing (Sif Muna gifted it to you on level 2 of the Shoals)
 50335 | Shoals:2 | Received a gift from Sif Muna
 50467 | Shoals:2 | Learned a level 2 spell: Swiftness
 51310 | Shoals:3 | Reached XP level 17. HP: 135/135 MP: 24/34
 52301 | Shoals:3 | Reached skill level 17 in Conjurations
 52783 | Shoals:3 | Got a glittering ivory amulet
 52784 | Shoals:3 | Identified the amulet "Hiulet" {Inacc Str+4 Stlth+} (You found it on level 3 of the Shoals)
 52855 | Shoals:4 | Entered Level 4 of the Shoals
 52944 | Shoals:4 | Noticed Ilsuiw
 52957 | Shoals:4 | Killed Ilsuiw
 53261 | Shoals:4 | Got a pitted short sword
 53278 | Shoals:4 | Identified the cursed +1 short sword "Moucao Buhom" {freeze, Str+7 Int-3} (You found it on level 4 of the Shoals)
 53694 | Shoals:4 | Noticed Mara
 53871 | Shoals:4 | Identified Sif Muna's Reference Book on Cold and Conjuration (Sif Muna gifted it to you on level 4 of the Shoals)
 53871 | Shoals:4 | Received a gift from Sif Muna
 54131 | Shoals:4 | Reached ****** piety under Sif Muna
 54723 | Shoals:4 | Noticed Kabixx's illusion
 54730 | Shoals:4 | Killed Mara
 55440 | Shoals:4 | Got an encrusted chain mail
 55441 | Shoals:4 | Identified the +3 chain mail of Nobility {-Tele rN+ Int+4 SInv} (You found it on level 4 of the Shoals)
 55700 | Shoals:4 | Got a barnacled rune of Zot
 56372 | Spider:1 | Entered Level 1 of the Spider Nest
 56696 | Spider:1 | Learned a level 7 spell: Spellforged Servitor
 57212 | Spider:1 | Noticed Roxanne
 57229 | Spider:1 | Killed Roxanne
 57426 | Spider:1 | Noticed Agnes
 57433 | Spider:1 | Killed Agnes
 57639 | Spider:1 | Reached skill level 1 in Summonings
 57642 | Spider:1 | Identified Roxanne's Incunabulum of the Mountains (You took it off Roxanne on level 1 of the Spider Nest)
 58783 | Spider:2 | Reached XP level 18. HP: 117/144 MP: 30/36
 59346 | Spider:2 | Noticed Asterion
 60269 | Spider:2 | Identified Sif Muna's Grimoire of Boosts and Changing (Sif Muna gifted it to you on level 2 of the Spider Nest)
 60269 | Spider:2 | Received a gift from Sif Muna
 61391 | Spider:3 | Reached skill level 18 in Conjurations
 65871 | Elf:1    | Entered Level 1 of the Elven Halls
 66268 | Elf:1    | Received a gift from Sif Muna
 67183 | Elf:1    | Noticed Frances
 67188 | Elf:1    | Killed Frances
 68726 | Elf:2    | Got a faintly glowing trident
 68727 | Elf:2    | Identified the +8 trident "Taacuig" {pierce, rElec rF- Str+4} (You found it on level 2 of the Elven Halls)
 68924 | Elf:2    | Found a ruined gateway.
 68934 | Desolati | Entered the Desolation of Salt
 69311 | Elf:2    | Found a runed door.
 69379 | Elf:2    | Found a runed door.
 69796 | Elf:2    | Noticed Jorgrun
 69800 | Elf:2    | Killed Jorgrun
 70417 | Elf:2    | Reached skill level 15 in Spellcasting
 70964 | Elf:2    | Gained mutation: You are powered by pain. [demonic ancestry]
 70964 | Elf:2    | Reached XP level 19. HP: 146/152 MP: 15/38
 71081 | Elf:3    | Entered Level 3 of the Elven Halls
 71236 | Elf:3    | Noticed NeAGen181's ghost (adept HOFi)
 71483 | Elf:3    | Received a gift from Sif Muna
 71483 | Elf:3    | Reached skill level 5 in Summonings
 71859 | Elf:3    | Got a bound ruby amulet
 71860 | Elf:3    | Identified the amulet of Panentheism {Gourm rF- Str+4 Int+4} (You found it on level 3 of the Elven Halls)
 72021 | Elf:3    | Killed NeAGen181's ghost
 72936 | Elf:3    | Reached skill level 19 in Conjurations
 73244 | Elf:3    | Got a crude scythe {drain}
 73803 | Elf:3    | Identified the +5 scythe of Extermination {drain, rF+ MR+ Str+4} (You took it off a deep elf demonologist on level 3 of the Elven Halls)
 73826 | Elf:3    | Got a twitching ruby amulet
 73827 | Elf:3    | Identified the amulet "Ziofueng" {Reflect Int+3 SH+4} (You took it off a deep elf mage on level 3 of the Elven Halls)
 74320 | Elf:3    | Found the +8 storm bow {elec}
 74480 | Elf:3    | Got an ancient golden ring
 74482 | Elf:3    | Identified the ring "Ujyuschine" {+Fly rF- MR+++ Int+4 Dex-3} (You took it off a deep elf sorcerer on level 3 of the Elven Halls)
 75149 | Slime:1  | Entered Level 1 of the Pits of Slime
 75434 | Spider:3 | Killed Asterion
 75524 | Spider:3 | Received a gift from Sif Muna
 76091 | Spider:4 | Entered Level 4 of the Spider Nest
 76717 | Spider:4 | HP: 6/153 [disintegration[the player character] (64)]
 79752 | Spider:4 | Got a gossamer rune of Zot
 80499 | Lair:2   | Upgraded the game from 0.22-a0-422-g9628fc87f1 to 0.22-a0-425-g89d60a11d8
 80514 | Lair:2   | Learned a level 5 spell: Bolt of Magma
 81058 | Vaults:1 | Entered Level 1 of the Vaults
 81121 | Vaults:1 | Got a pitted long sword
 81136 | Vaults:1 | Identified the +9 long sword of Indomitability {speed, +Blink Dex+4} (You found it on level 1 of the Vaults)
 81733 | Vaults:1 | Found Noyxygg's Magic Scroll Shoppe.
 81868 | Vaults:1 | Bought a scroll of blinking for 90 gold pieces
 81868 | Vaults:1 | Bought a scroll of identify for 24 gold pieces
 81868 | Vaults:1 | Bought a scroll of identify for 24 gold pieces
 81868 | Vaults:1 | Bought a scroll of teleportation for 36 gold pieces
 81868 | Vaults:1 | Bought 2 scrolls of teleportation for 72 gold pieces
 82244 | Vaults:1 | Gained mutation: When seriously injured, your bleeding wounds create thick armour. (AC +9) [demonic ancestry]
 82244 | Vaults:1 | Reached XP level 20. HP: 161/161 MP: 14/39
 82814 | Vaults:1 | Identified Sif Muna's Reference Book on the Traveller and the Escort (Sif Muna gifted it to you on level 1 of the Vaults)
 82814 | Vaults:1 | Received a gift from Sif Muna
 84551 | Vaults:2 | Found a staircase to the Crypt.
 85322 | Vaults:2 | Reached skill level 15 in Fighting
 85322 | Vaults:2 | Reached skill level 1 in Earth Magic
 85614 | Vaults:2 | Reached skill level 20 in Conjurations
 86636 | Vaults:2 | Identified Sif Muna's Almanac of Creation and Battle Magic (Sif Muna gifted it to you on level 2 of the Vaults)
 86636 | Vaults:2 | Received a gift from Sif Muna
 87880 | Vaults:3 | Got a fabulously ornate robe
 87881 | Vaults:3 | Identified the +1 robe of Day {rN+ Str+3 Int+2} (You found it on level 3 of the Vaults)
 87937 | Vaults:3 | Found Rul Tim's Jewellery Boutique.
 87952 | Vaults:3 | Bought the ring "Iwoumoc" {rElec Int+5 Stlth-} for 512 gold pieces
 89548 | Vaults:3 | Identified Sif Muna's Reference Book on Harmful Self-Knowledge (Sif Muna gifted it to you on level 3 of the Vaults)
 89548 | Vaults:3 | Received a gift from Sif Muna
 89914 | Vaults:3 | Got a vibrating glass ring
 89915 | Vaults:3 | Identified the ring "Paresuv" {rF- rN+ Str+8 Stlth-} (You took it off an ironbrand convoker on level 3 of the Vaults)
 89929 | Vaults:3 | Gained mutation: You resist negative energy. (rN+) [demonic ancestry]
 89929 | Vaults:3 | Reached XP level 21. HP: 168/168 MP: 28/41
 93234 | Vaults:5 | Entered Level 5 of the Vaults
 93298 | Vaults:5 | Noticed a golden dragon
 93302 | Vaults:5 | Killed from afar by a storm dragon

Vault maps used:
D:1:      dpeg_arrival_houses_and_road, minivault_23, minmay_misc_feat_chi,
          serial_bayou_crossing
D:2:      bloody_trog, st_stairs_11, nicolae_ru_path_of_blood
D:3:      kennysheep_ying_yang, old_standard_altar
D:4:      grunt_temple_overflow_forces_of_nature,
          nicolae_overflow_crystal_walls, serial_shops, kennysheep_little_box
D:5:      lemuel_doored_altar, minmay_temple_entry_hall, first_ration
D:6:      serial_shops, nicolae_shop_crystal
D:7:      serial_shops, shop, shop, nicolae_shop_trees, the_bakery,
          minmay_misc_feat_iff
D:8:      old_standard_altar, makhleb_grotto_becter,
          grunt_lair_entry_orc_guard_hut, uniq_psyche, uniq_maurice
D:9:      kennysheep_windowed_halls, zin_angel, old_standard_altar,
          old_standard_altar, basic_altar, glass_columns_a
D:10:     minmay_statue_hallways, st_stairs_1
D:11:     hiddenorc1_lemuel, serial_ice, serial_ice_k, serial_ice_g,
          serial_ice_b, serial_ice_n, serial_ice_o, serial_ice_c, st_stairs_3,
          minmay_misc_feat_nine_boxes, uniq_gastronok
D:12:     kennysheep_small_circle, uniq_josephine, uniq_snorg, uniq_sonja
D:13:     glass_columns_a
D:14:     david_vaults_3, minivault_4, uniq_rupert
D:15:     hangedman_depths_entry_try_elsewhere_first, serial_glass,
          glass_columns_a, glass_columns_c, serial_shops, nicolae_shop_stone
Lair:1:   st_stairs_6, grunt_megastairs_1, infiniplex_staircase_pool_2
Lair:2:   nicolae_spider_entry_tight_spaces, portal_ice_cave_rime,
          serial_bayou_lagoon_b, minmay_lair_oklob_chamber, grunt_megastairs_4,
          lemuel_fruit_fields, serial_bayou_shore_a
Lair:3:   minmay_shoals_entry_centaurs, nicolae_quartered_pool_super,
          grunt_forest_small_clearings, serial_bayou_shore_b
Lair:4:   grunt_megastairs_3
Lair:6:   guppyfry_lair_end_dragon, hangedman_lair_in_review,
          nicolae_slime_entry_slimehenge, minmay_another_anthill
Shoals:1: serial_shops, shop_statue, shop, shop, shop
Shoals:2: uniq_donald
Shoals:4: shoals_end_grunt_ice, shoals_ilsuiw_alternative, uniq_mara,
          uniq_polyphemus
Spider:1: hive_lemuel, uniq_roxanne, uniq_agnes
Spider:2: uniq_asterion
Spider:4: grunt_spider_rune_circles, spiders_nest_spider_trap
Orc:1:    sword_in_stone, uniq_erolcha
Orc:2:    kennysheep_orc_mage_school, serial_shops, shop, uniq_azrael
Elf:1:    eino_elf_arrival_sip, kennysheep_underground_church, uniq_frances
Elf:2:    portal_desolation_entry_ruin, uniq_jorgrun
Elf:3:    grunt_elf_hall_asides
Vaults:1: hangedman_vaults_stretched_pinwheel, vaults_room_pools,
          nicolae_vaults_little_squares_1, vaults_room_fancy_cross,
          nicolae_vaults_little_squares_1, v_rooms_3, hangedman_vaults_slice,
          vaults_mumra_minichess_inversion, nicolae_vaults_mini_display_case,
          ontoclasm_vaults_spin, nicolae_vaults_yaktaur_gun_rack,
          nicolae_vaults_little_squares_1, serial_shops, nicolae_shop_waterfront
Vaults:2: v_misc_22, minmay_crypt_entry_simple_box, st_diamondy,
          grunt_vaults_hallway_long, nicolae_vaults_shelves_hall,
          nicolae_vaults_back_hallway, ontoclasm_vaults_bender,
          nicolae_vaults_triangles
Vaults:3: ontoclasm_vaults_ring_square, ontoclasm_vaults_ligature, v_misc_25,
          hangedman_vaults_nodes, v_misc_15, nicolae_vaults_stairing_the_circle,
          v_pattern_1, v_misc_10, nicolae_vaults_three_branches,
          vaults_mumra_hex, vaults_room_hallway, v_alt_pattern_1, serial_shops,
          nicolae_shop_competitors_out_of_business
Vaults:4: v_alt_pattern_3, vaults_room_ringed_pool,
          nicolae_vaults_twisting_passages, v_misc_9, v_misc_1,
          nicolae_vaults_specimen_jars, hangedman_vaults_hat,
          ontoclasm_vaults_decontamination, vaults_room_door_hall,
          nicolae_vaults_diagonal_hallway_6, nicolae_vaults_little_ls,
          ontoclasm_vaults_eye, nicolae_vaults_asterisk
Vaults:5: uniq_boris
Depths:1: abyss_entry_flame_altar, lightli_too_deep, roderic_lattice_a,
          mu_enter_wizlab_5, minmay_misc_feat_tiny,
          hangedman_abyss_or_decor_slice, minmay_hidden_floor,
          serial_bayou_shore_b, serial_bayou_shore_b
IceCv:    ice_cave_small_demon

Skill      XL: |  1  2  3  4  5  6  7  8  9 10 11 12 13 14 15 16 17 18 19 20 21 |
---------------+----------------------------------------------------------------+-----
Fire Magic     | 3 4 5 6 7 8 9 10 11 12 13 14 | 14.1
Dodging        | 2 3 4 5 6 7 8 9 |  9.2
Fighting       | 1 2 3 4 5 6 8 9 10 11 12 13 14 15 | 15.5
Spellcasting   | 3 4 5 7 8 9 10 11 12 13 14 15 16 | 16.5
Conjurations   | 2 3 4 6 8 10 12 13 14 15 16 17 18 19 20 | 20.8
Charms         | 1 2 3 |  3.3
Shields        | 1 2 4 5 6 7 8 |  8.7
Summonings     | 1 4 6 8 9 |  9.1
Earth Magic    | 1 2 |  2.1
Maces & Flails | |  0.4
Polearms       | |  0.2
Stealth        | |  1.7
Unarmed Combat | |  0.8
Translocations | |  0.8
Transmutations | |  0.1
Air Magic      | |  0.5
Poison Magic   | |  0.8
Evocations     | |  0.5

Action                   |  1- 3 |  4- 6 |  7- 9 | 10-12 | 13-15 | 16-18 | 19-21 || total
-------------------------+-------+-------+-------+-------+-------+-------+-------++-------
Melee: Unarmed           |    56 |    16 |       |       |       |       |       ||    72
       Staff             |       |    19 |    63 |    78 |   301 |   158 |    18 ||   637
       Punch             |       |     1 |       |       |       |       |       ||     1
       Kick              |       |       |       |    11 |   107 |    52 |     8 ||   178
       Demon whip        |       |       |       |       |       |    15 |       ||    15
       Trident           |       |       |       |       |       |       |     5 ||     5
 Cast: Flame Tongue      |    60 |   126 |    87 |       |       |       |       ||   273
       Throw Flame       |       |    13 |    69 |   272 |   396 |   441 |   378 ||  1569
       Sticky Flame      |       |     2 |    19 |    89 |   264 |   207 |   187 ||   768
       Conjure Flame     |       |       |     6 |     1 |    22 |    13 |     3 ||    45
       Summon Small Mamm |       |       |    11 |       |     4 |       |       ||    15
       Iskenderun's Batt |       |       |     6 |    26 |    67 |    83 |     3 ||   185
       Fireball          |       |       |     2 |    36 |    83 |   126 |   100 ||   347
       Sting             |       |       |       |     5 |       |     7 |     2 ||    14
       Orb of Destructio |       |       |       |       |    15 |    32 |    51 ||    98
       Force Lance       |       |       |       |       |     5 |       |       ||     5
       Mephitic Cloud    |       |       |       |       |    10 |     4 |     3 ||    17
       Ignite Poison     |       |       |       |       |     7 |     3 |     1 ||    11
       Blink             |       |       |       |       |     5 |    13 |    13 ||    31
       Swiftness         |       |       |       |       |       |     5 |       ||     5
       Spellforged Servi |       |       |       |       |       |    38 |   152 ||   190
       Bolt of Magma     |       |       |       |       |       |       |    89 ||    89
Invok: Forget Spell      |       |       |       |     1 |       |       |       ||     1
Evoke: Wand              |       |       |       |     3 |     4 |     1 |     2 ||    10
  Use: Scroll            |       |    16 |     9 |    10 |    16 |    25 |    23 ||    99
       Potion            |       |       |     2 |    14 |     2 |     5 |     8 ||    31
 Stab: Sleeping          |     2 |       |       |       |       |       |       ||     2
       Distracted        |       |       |       |       |       |     1 |       ||     1
  Eat: Chunk             |     1 |     7 |     8 |     2 |    25 |    30 |    46 ||   119
       Ration            |     1 |     1 |     5 |    14 |    16 |    22 |    17 ||    76
Armor: Robe              |    14 |    26 |    47 |    65 |    12 |       |     6 ||   170
       Steam dragon scal |       |       |       |       |   112 |   227 |   102 ||   441
Dodge: Dodged            |    51 |    63 |    82 |   117 |   355 |   399 |   220 ||  1287
Block: Buckler           |       |       |       |   125 |   496 |   103 |       ||   724
       Reflection        |       |       |       |    13 |    38 |    80 |    85 ||   216
       Shield            |       |       |       |       |       |   422 |   332 ||   754
       Other             |       |       |       |       |       |    12 |       ||    12

Table legend:
 A = Spawn XP
 B = Non-spawn XP
 C = Spawn XP percentage of total XP
 D = Spawn monster count
 E = Non-spawn monster count
 F = Spawn count percentage of total count
 G = Total turns spent on level
                    A         B        C        D         E        F      G
               +---------+---------+-------+---------+---------+-------+---------
         Total |       0 |  628801 |   0.0 |       0 |    1737 |   0.0 | 93302
               +---------+---------+-------+---------+---------+-------+---------
           D:1 |       0 |      37 |   0.0 |       0 |      18 |   0.0 |  1768
           D:2 |       0 |     138 |   0.0 |       0 |      34 |   0.0 |  1089
           D:3 |       0 |     102 |   0.0 |       0 |      28 |   0.0 |  1284
           D:4 |       0 |     152 |   0.0 |       0 |      10 |   0.0 |   858
           D:5 |       0 |     344 |   0.0 |       0 |      22 |   0.0 |  1102
           D:6 |       0 |     465 |   0.0 |       0 |      11 |   0.0 |  1087
           D:7 |       0 |    1552 |   0.0 |       0 |      28 |   0.0 |  1642
           D:8 |       0 |    1861 |   0.0 |       0 |      16 |   0.0 |  1761
           D:9 |       0 |    4352 |   0.0 |       0 |      43 |   0.0 |  3020
          D:10 |       0 |    2950 |   0.0 |       0 |      33 |   0.0 |  3768
          D:11 |       0 |    9660 |   0.0 |       0 |      72 |   0.0 |  2218
          D:12 |       0 |   10197 |   0.0 |       0 |      49 |   0.0 |  1410
          D:13 |       0 |   15223 |   0.0 |       0 |      49 |   0.0 |  2310
          D:14 |       0 |    9682 |   0.0 |       0 |      30 |   0.0 |  1500
          D:15 |       0 |   21349 |   0.0 |       0 |      46 |   0.0 |  2623
        Lair:1 |       0 |    6365 |   0.0 |       0 |      28 |   0.0 |  3238
        Lair:2 |       0 |   10386 |   0.0 |       0 |      37 |   0.0 |  2560
        Lair:3 |       0 |    5885 |   0.0 |       0 |      30 |   0.0 |  1954
        Lair:4 |       0 |    6763 |   0.0 |       0 |      28 |   0.0 |  1547
        Lair:5 |       0 |    7450 |   0.0 |       0 |      27 |   0.0 |  1748
        Lair:6 |       0 |   42348 |   0.0 |       0 |     125 |   0.0 |  6623
      Shoals:1 |       0 |    2556 |   0.0 |       0 |       5 |   0.0 |   949
      Shoals:2 |       0 |   24776 |   0.0 |       0 |      47 |   0.0 |  2264
      Shoals:3 |       0 |   15946 |   0.0 |       0 |      30 |   0.0 |  1451
      Shoals:4 |       0 |   46485 |   0.0 |       0 |      65 |   0.0 |  2908
      Spider:1 |       0 |   14416 |   0.0 |       0 |      33 |   0.0 |  3389
      Spider:2 |       0 |   17455 |   0.0 |       0 |      49 |   0.0 |  2832
      Spider:3 |       0 |   15039 |   0.0 |       0 |      32 |   0.0 |  1634
      Spider:4 |       0 |   26290 |   0.0 |       0 |      65 |   0.0 |  3616
         Orc:1 |       0 |    4686 |   0.0 |       0 |      29 |   0.0 |  2364
         Orc:2 |       0 |   12565 |   0.0 |       0 |      75 |   0.0 |  2372
         Elf:1 |       0 |   22026 |   0.0 |       0 |      41 |   0.0 |  2924
         Elf:2 |       0 |   25106 |   0.0 |       0 |      42 |   0.0 |  2938
         Elf:3 |       0 |   50288 |   0.0 |       0 |      59 |   0.0 |  2947
      Vaults:1 |       0 |   40400 |   0.0 |       0 |      92 |   0.0 |  3670
      Vaults:2 |       0 |   42421 |   0.0 |       0 |      84 |   0.0 |  2938
      Vaults:3 |       0 |   44688 |   0.0 |       0 |      80 |   0.0 |  2423
      Vaults:4 |       0 |   38862 |   0.0 |       0 |      81 |   0.0 |  3052
      Vaults:5 |       0 |    2300 |   0.0 |       0 |       1 |   0.0 |    18
      Depths:1 |       0 |   18864 |   0.0 |       0 |      32 |   0.0 |  1652
         IceCv |       0 |    3500 |   0.0 |       0 |      22 |   0.0 |  1811
    Desolation |       0 |    2871 |   0.0 |       0 |       9 |   0.0 |    37
               +---------+---------+-------+---------+---------+-------+---------
